 Dungeon Crawl Stone Soup version 0.25-a0-949-gdd2af9e06e (webtiles) character file.

Game seed: 1117822711370978573, levelgen mode: deterministic

700 Maedhros the Caller (level 7, -1/64 HPs)
             Began as an Octopode Artificer on May 8, 2020.
             Was a Plaything of Xom.
             Slain by a centaur (8 damage)
             ... on level 5 of the Dungeon.
             The game lasted 00:08:53 (1119 turns).

Maedhros the Caller (Octopode Artificer)            Turns: 1119, Time: 00:08:53

Health: -1/64      AC:  1    Str: 15    XL:     7   Next: 65%
Magic:  9/9        EV: 13    Int: 14    God:    Xom [*.....]
Gold:   157        SH:  0    Dex: 14    Spells: 3/6 levels left

rFire    . . .     SeeInvis .     - Unarmed
rCold    . . .     Gourm    .   (no shield)
rNeg     . . .     Faith    .   (helmet restricted)
rPois    .         Spirit   .   (no amulet)
rElec    .         Reflect  .   (no ring)
rCorr    .         Harm     .   n - +4 ring of strength
MR       .....                  (no ring)
Stlth    ..........             (no ring)
HPRegen  0.20/turn              (no ring)
MPRegen  0.11/turn              (no ring)
                                (no ring)
                                (no ring)

@: berserking (expiring), very quick
A: almost no armour, stealthy swim, amphibious, 8 rings, constrict 8, camouflage
1, gelatinous body 1
a: Renounce Religion


You were on level 5 of the Dungeon.
You worshipped Xom.
You were a special plaything of Xom.
You were hungry.

You visited 2 branches of the dungeon, and saw 6 of its levels.
You also visited: Sewer.

You collected 157 gold pieces.

Inventory:

Hand Weapons
 a - a +0 short sword
 r - a +0 hunting sling
Jewellery
 n - a +4 ring of strength (right tentacle)
Wands
 b - a wand of flame (4)
 c - a wand of enslavement (11)
 d - a wand of random effects (9)
 k - a wand of iceblast (9)
Scrolls
 e - a scroll of fog {unknown}
 h - 3 scrolls of teleportation
 i - a scroll of blinking {unknown}
 j - a scroll of fear {unknown}
 l - a scroll of noise {unknown}
Potions
 g - 3 potions of flight
 m - a potion of stabbing
 p - a potion of might {unknown}
Comestibles
 f - 4 rations
 q - 2 chunks of flesh


   Skills:
 - Level 1.0 Fighting
 - Level 1.0 Short Blades
 - Level 2.0 Dodging
 - Level 4.0 Stealth
 - Level 3.1 Unarmed Combat
 * Level 6.7 Summonings
 - Level 3.2 Evocations


You had 3 spell levels left.
You knew the following spells:

 Your Spells              Type           Power        Failure   Level  Hunger
a - Call Canine Familiar  Summ           ###.....     5%          3    ####...

Your spell library contained the following spells:

 Spells                   Type           Power        Failure   Level  Hunger
 Summon Small Mammal      Summ           ###.         1%          1    ##.....
 Call Imp                 Summ           ###.....     2%          2    ###....
 Summon Guardian Golem    Hex/Summ       #.......     22%         3    ####...
 Summon Ice Beast         Ice/Summ       #.......     58%         4    #####..
 Summon Lightning Spire   Summ/Air       #.......     58%         4    #####..


Dungeon Overview and Level Annotations

Branches:
Dungeon (6/15)             Temple (1/1) D:6           Sewer (visited)

Altars:
Ashenzari
Dithmenos
Elyvilon
Hepliaklqana
Kikubaaqudgha
Ru
Sif Muna
Vehumet
Xom
Zin


Innate Abilities, Weirdness & Mutations

You cannot wear most types of armour.
You are very stealthy in the water. (Stealth+)
You are amphibious.
You can wear up to eight rings at the same time.
You can use your tentacles to constrict eight enemies at once.
Your skin changes colour to match your surroundings (Stealth+).
Your rubbery body absorbs attacks. (AC +1, EV +1)


Message History

You feel a strong urge to attack something.
The centaur shouts! "Over there now!"
The centaur blinks!
You are now a special plaything of Xom.
The centaur wields a +0 shortbow.
The centaur shoots an arrow.
The arrow hits you!
* * * LOW HITPOINT WARNING * * *
You see here an arrow.
You feel your anger nearly subside.
The centaur unwields a +0 shortbow.
The centaur hits you!
* * * LOW HITPOINT WARNING * * *
You tentacle-slap the centaur. You squeeze the centaur.
The centaur is moderately wounded.
The centaur misses you.
You bludgeon the centaur!
The centaur is almost dead.
The centaur hits you!
You die... "What!?
That's it?"

#.####........>..
#.# #.##.#######
#.# #.##.# #. #.#
#.##.######. #.#
#.##........ #.#
#.########†.
#####.## #.# #..
#...(..# #.# #..
#.§.@..# #.# ##..
#...c....... #...
#......##### #.#.
#......# #.#.
#.##..## #.#. #.
#..# #.#. #. #..#
#.#. #..# ..#. #.


You could see a centaur.

Vanquished Creatures
  An ice beast (D:6)
  A sky beast (D:6)
  An ogre (D:6)
  2 crimson imps (D:5)
  A hound (D:6)
  An orc priest (D:6)
  An iguana (D:6)
  3 worker ants
  A worker ant zombie (D:6)
  A gnoll (D:5)
  A shadow imp (D:6)
  An ooze (Sewer)
  A worm (Sewer)
  2 leopard geckos
  11 orcs (D:6)
  10 bats
  3 giant cockroaches
  5 jackals
  A kobold (D:1)
  4 ball pythons
  A frilled lizard (D:2)
  A quokka skeleton (D:5)
  2 rats
56 creatures vanquished.

Vanquished Creatures (collateral kills)
  An orc warrior (D:6)
  A crimson imp (D:5)
  2 orc wizards (D:6)
  An iguana (D:6)
  2 gnolls (D:5)
  3 oozes (Sewer)
  4 worms (Sewer)
  A frilled lizard (Sewer)
15 creatures vanquished.

Vanquished Creatures (others)
  A howler monkey (D:6)
  A worker ant (D:6)
2 creatures vanquished.

Grand Total: 73 creatures vanquished

Notes
Turn   | Place    | Note
-------+----------+-------------------------------------------
     0 | D:1      | Maedhros the Octopode Artificer began the quest for the
                  | Orb.
     0 | D:1      | Reached XP level 1. HP: 13/13 MP: 3/3
    47 | D:2      | Found a white marble altar of Elyvilon.
   124 | D:3      | You fall into a shaft and drop 3 floors!
   125 | D:6      | Noticed a howler monkey
   125 | D:6      | Noticed an orc wizard
   147 | D:6      | Noticed an ogre
   150 | D:6      | Killed an ogre
   150 | D:6      | Reached XP level 2. HP: 9/18 MP: 4/4
   150 | D:6      | Reached XP level 3. HP: 12/23 MP: 5/5
   150 | D:6      | Reached XP level 4. HP: 15/28 MP: 6/6
   155 | D:6      | Learned a level 3 spell: Call Canine Familiar
   172 | D:6      | Reached skill level 1 in Summonings
   172 | D:6      | Reached XP level 5. HP: 20/33 MP: 7/7
   174 | D:6      | Found a staircase to the Ecumenical Temple.
   174 | D:6      | Noticed an ice beast
   175 | D:6      | Noticed an orc warrior
   183 | D:6      | Killed an orc warrior
   183 | D:6      | Reached skill level 2 in Summonings
   198 | D:6      | Killed an ice beast
   198 | D:6      | Reached skill level 4 in Summonings
   198 | D:6      | Reached XP level 6. HP: 26/38 MP: 8/8
   243 | Temple   | Entered the Ecumenical Temple
   279 | Temple   | Became a worshipper of Xom of Chaos
   423 | D:6      | Noticed a sky beast
   425 | D:6      | Killed a sky beast
   425 | D:6      | Reached skill level 5 in Summonings
   425 | D:6      | Reached XP level 7. HP: 43/43 MP: 9/9
   541 | D:6      | XOM is BORED!
   541 | D:6      | XOM: silly message
   583 | D:6      | Found a glowing drain.
   587 | Sewer    | Entered a sewer
   662 | Sewer    | XOM: smoke on damage
   727 | Sewer    | XOM: cloud trail
   823 | Sewer    | XOM: silly message
   843 | Sewer    | XOM: noise
   916 | D:6      | Reached skill level 6 in Summonings
   979 | D:5      | Entered Level 5 of the Dungeon
  1004 | D:5      | XOM: divination: detect creatures
  1072 | D:5      | XOM: noise
  1115 | D:5      | XOM: blink monster(s)
  1119 | D:5      | Slain by a centaur

Levels and vault maps discovered:
D:1:      lightli_arrival_statue_moat, layout_basic
D:2:      layout_basic, lemuel_doored_altar, marbit_many_paths,
          lemuel_crystal_altar, minmay_quadrilaterals, uniq_natasha
D:3:      layout_rooms
D:5:      cheibrodos_barr_body, layout_loops_ring,
          grunt_temple_overflow_opulence, okawaru_altar_gauntlet_db,
          serial_shops, shop, minmay_misc_feat_four_crosses
D:6:      layout_cave_pools, minmay_temple_entry_purple_smoke,
          gup_sewer_entry_bowl, palyth_stone_intersect
Temple:   jpeg_temple_island

Skill      XL: |  1  2  3  4  5  6  7 |
---------------+----------------------+-----
Stealth        | 4 |  4.0
Unarmed Combat | 2 3 |  3.1
Summonings     | 1 4 5 6 |  6.7
Fighting       | |  1.0
Short Blades   | |  1.0
Dodging        | |  2.0
Evocations     | |  3.2

Action                   |  1- 3 |  4- 6 |  7- 9 || total
-------------------------+-------+-------+-------++-------
Melee: Short sword       |    15 |    14 |       ||    29
       Constrict         |     4 |     3 |    29 ||    36
       Tentacles         |     1 |     4 |    22 ||    27
       Unarmed           |       |    10 |   101 ||   111
       Punch             |       |       |     3 ||     3
 Cast: Call Canine Famil |       |       |     5 ||     5
Evoke: Wand              |     3 |    16 |     2 ||    21
  Use: Scroll            |       |     3 |     2 ||     5
       Potion            |       |     1 |     2 ||     3
 Stab: Sleeping          |     1 |       |     8 ||     9
  Eat: Chunk             |       |       |     1 ||     1
Armor: Skin              |     1 |     8 |    10 ||    19
Dodge: Dodged            |    15 |     6 |    72 ||    93

Table legend:
 A = Non-vault XP
 B = Vault XP
 C = Vault XP percentage of total XP
 D = Non-vault monster count
 E = Vault monster count
 F = Vault count percentage of total count
                 A         B        C        D         E       F
            +---------+---------+-------+---------+---------+-------
      Total |     922 |      78 |   7.8 |      40 |      31 |  43.7
            +---------+---------+-------+---------+---------+-------
        D:1 |       7 |       0 |   0.0 |       3 |       0 |   0.0
        D:2 |       1 |       0 |   0.0 |       1 |       0 |   0.0
        D:3 |       1 |       0 |   0.0 |       1 |       0 |   0.0
        D:5 |     187 |       0 |   0.0 |      10 |       0 |   0.0
        D:6 |     726 |       8 |   1.1 |      25 |       4 |  13.8
      Sewer |       0 |      70 | 100.0 |       0 |      27 | 100.0
            +---------+---------+-------+---------+---------+-------
